AoeStats
← residua

African Clearing

510373317Analyzed
2v2 RM · 2d ago on Sep 30, 2026· 36m 1s· 4 players
Game mode
Random Map
Map size
Medium (4 player)
Population
200
Speed
Normal
Resources
Standard
Victory
Conquest
Starting age
Dark Age
Ending age
Imperial Age
RankedLock teamsTeams togetherTeam positionsShared explorationLock speedFull tech treeHidden civsTurbo modeCheats
Victory
Defeat
🇫🇷 Spanish · France
760
+14
🇫🇷 Italians · France
758
+15
🇬🇧 Sicilians · United Kingdom
740
-15
🇬🇧 Ethiopians · United Kingdom
722
-14
residua
10:42 Loom
17:59 Feudal Age
21:01 Scale Mail Armor
23:43 Castle Age
21:17 Man-at-Arms
23:48 Horse Collar
24:15 Double-Bit Axe
25:22 Forging
26:38 Bow Saw
28:43 Wheelbarrow
29:10 Gambesons
30:16 Heavy Plow
31:31 Hand Cart
33:06 Long Swordsman
33:44 Fletching
BigBoyBolly
19:02 Feudal Age
19:28 Double-Bit Axe
19:24 Horse Collar
20:48 Gold Mining
25:52 Castle Age
24:30 Fletching
24:42 Padded Archer Armor
29:40 Bow Saw
30:03 Thumb Ring
30:20 Leather Archer Armor
30:01 Bodkin Arrow
30:27 Crossbowman
31:02 Elite Skirmisher
33:36 Heavy Plow
Feuille67
3:42 Loom
17:35 Feudal Age
18:03 Arson
18:16 Double-Bit Axe
26:25 Castle Age
24:55 Scale Mail Armor
25:29 Town Watch
27:02 Wheelbarrow
26:32 Fletching
27:36 Bodkin Arrow
27:54 Pikeman
28:37 Squires
32:01 Forging
35:05 Iron Casting
34:30 Gambesons
Ironeye28
4:21 Loom
15:18 Feudal Age
16:17 Double-Bit Axe
23:04 Castle Age
21:17 Padded Archer Armor
22:30 Town Watch
22:33 Horse Collar
22:47 Fletching
24:24 Crossbowman
26:19 Leather Archer Armor
26:21 Bodkin Arrow
30:35 Thumb Ring
30:27 Elite Skirmisher
33:46 Heavy Plow
33:59 Bow Saw
33:41 Gold Mining
34:55 Ballistics
Connection lost

Rejoining the realm…

Still unreachable

The connection could not be restored.

Session expired

The server has moved on; the page needs a fresh start.